 Dungeon Crawl Stone Soup version 0.26-a0-1021-gda264ca44c (webtiles) character file.

Game seed: 18143287859397522094

6045 pkoi the Grappler (level 10, -2/86 HPs)
             Began as a Green Draconian Transmuter on Dec 8, 2020.
             Was a Priest of Ru.
             Slain by a killer bee (14 damage)
             ... on level 9 of the Dungeon on Dec 9, 2020.
             The game lasted 00:17:11 (13315 turns).

pkoi the Grappler (Green Draconian Transmuter)     Turns: 13315, Time: 00:17:12

Health: -2/86      AC:  2    Str: 14    XL:     10   Next: 57%
Magic:  10/13      EV: 25    Int: 15    God:    Ru [***...]
Gold:   372        SH:  5    Dex: 17    Spells: 7/13 levels left

rFire    . . .     SeeInvis .     - Unarmed
rCold    . . .     Faith    .   (shield unavailable)
rNeg     . . .     Spirit   .   (armour unavailable)
rPois    x         Reflect  +   (helmet currently unavailable)
rElec    .         Harm     .   (cloak currently unavailable)
rCorr    .         Rampage  .   (gloves currently unavailable)
Will     .....                  (boots currently unavailable)
Stlth    ..........             k - amulet of reflection
HPRegen  0.24/turn              (ring unavailable)
MPRegen  0.13/turn              d - ring of wizardry

@: lethally poisoned (-2 -> -8), about to teleport, spider-form
A: tiny, (breathe noxious fumes), unfitting armour, missing a hand, no stealth,
AC +7
a: End Transformation, Draw Out Power, Renounce Religion


You were on level 9 of the Dungeon.
You worshipped Ru.
Ru was most pleased with you.
You were a venomous arachnid creature.
You visited 2 branches of the dungeon, and saw 10 of its levels.

You collected 480 gold pieces.
You spent 108 gold pieces at shops.

Inventory:

Hand Weapons
 j - a +1 dagger of venom
 t - the +7 dagger of the Thoughtful Friars {speed, rF+ Dex+3}
   (You took it off an orc on level 7 of the Dungeon)

   Attacks with this weapon are significantly faster.
   It affects your dexterity (+3).
   It protects you from fire.
Missiles
 n - 87 poisoned darts
Armour
 b - a scarf of invisibility (melded)
Jewellery
 a - a +4 ring of protection
 d - a ring of wizardry (right front leg)
 k - an amulet of reflection (around neck)
 u - a +6 ring of dexterity {unknown}
Wands
 v - a wand of enslavement (10)
 x - a wand of random effects (44)
Scrolls
 c - 3 scrolls of enchant weapon
 f - 8 scrolls of identify
 i - a scroll of teleportation
 l - a scroll of fog
 m - 5 scrolls of remove curse
 s - 3 scrolls of enchant armour
 y - a scroll of torment {unknown}
 B - a scroll of amnesia {unknown}
 C - a scroll of summoning {unknown}
Potions
 e - 2 potions of haste
 g - a potion of magic
 h - 2 potions of might
 o - a potion of brilliance
 r - a potion of flight
 z - a potion of lignification {unknown}
 A - a potion of ambrosia {unknown}
Miscellaneous
 q - a phantom mirror


   Skills:
 + Level 7.2 Fighting
 + Level 6.2 Dodging
 + Level 9.4 Unarmed Combat
 - Level 2.0 Spellcasting
 + Level 8.9 Transmutations
 - Level 4.5 Poison Magic


You had 7 spell levels left.
You knew the following spells:

 Your Spells              Type           Power        Failure   Level
a - Beastly Appendage     Tmut           ####..       1%          1
b - Wereblood             Tmut           ####....     1%          2
c - Spider Form           Tmut/Pois      ###.......   5%          3

Your spell library contained the following spells:

 Spells                   Type           Power        Failure   Level
 Blade Hands              Tmut           ####......   14%         5
 Magic Dart               Conj           #...         19%         1
 Blink                    Tloc           N/A          26%         2
 Call Imp                 Summ           #.......     26%         2
 Slow                     Hex            #.......     26%         2
 Mephitic Cloud           Conj/Pois/Air  #.......     26%         3
 Ice Form                 Ice/Tmut       ##......     26%         4
 Petrify                  Tmut/Erth      ##......     26%         4
 Confusing Touch          Hex            #.......     41%         3
 Conjure Flame            Conj/Fire      #.......     41%         3
 Gell's Gravitas          Tloc           #.........   41%         3
 Yara's Violent Unravell  Hex/Tmut       ##........   52%         5
 Metabolic Englaciation   Hex/Ice        #.........   96%         5


Dungeon Overview and Level Annotations

Branches:
Dungeon (9/15)             Temple (1/1) D:5
   Lair: D:8-11         Orc: D:9-12

Altars:
Ashenzari
Cheibriados
Elyvilon
Fedhas
Gozag
Hepliaklqana
Kikubaaqudgha
Makhleb
Nemelex Xobeh
Okawaru
Qazlal
Ru
Sif Muna
Trog
Uskayaw
Vehumet
Wu Jian
Xom
Yredelemnul
Zin
The Shining One

Shops:
D:4 !   D:6 !*

Annotations:
D:2 Sigmund
D:8 2 transporters, Sun's ghost, novice HuFE


Innate Abilities, Weirdness & Mutations

((You can breathe blasts of noxious fumes.))
((Your lurid green scales are hard. (AC +7)))
You cannot fit into any form of body armour.
((Your system is resistant to poisons. (rPois)))
((You are cold-blooded and may be slowed by cold attacks.))
You are missing a hand.
You cannot be stealthy.


Message History

The killer bee poisons you! The killer bee misses you.
You redirect the killer bee's attack!
The killer bee completely misses itself.
The killer bee buzzes angrily.
Unknown command.
Unknown command.
You feel much better.
You feel sick.
The killer bee is no longer blind.
The killer bee closely misses you. x2; The killer bee completely misses you. x2
The queen bee stings you!
* * * LOW HITPOINT WARNING * * *
The killer bee barely misses you. The killer bee completely misses you.
Unknown command.
Unknown command.
Unknown command.
Unknown command.
As you read the scroll of teleportation, it crumbles to dust.
You feel strangely unstable.
You feel sick.
You kill the killer bee!
The killer bee misses you. x2; The killer bee stings you!
You die...

#'#....# ####...
#####....###########..#...
..........#............#...
$.........#............#...
..........#............#...
..........#............'...
..........#............#...
.........y#####..###...#..(
##+##...†ys.###..###...#...
#....y..#..........####
#.......#...........#
###.......###'#########
#.....................#
#......(.(..(.........#
#.....................#
######
#.....................#
.....#
#....#########....#####


You could see a queen bee and 2 killer bees.

Vanquished Creatures
  A two-headed ogre (D:9)
  Pikel (D:7)
  A hornet (D:7)
  2 steam dragons
  2 insubstantial wisps (D:8)
  3 orc warriors
  4 ice beasts
  4 sky beasts
  4 phantoms
  5 ogres
  A necrophage (D:6)
  A lemure (D:7)
  4 centaurs
  2 bullfrogs
  A scorpion (D:6)
  9 killer bees
  7 wights (D:8)
  2 centaur skeletons
  A centaur zombie (D:8)
  9 orc priests
  3 hounds
  10 orc wizards
  A bullfrog skeleton (D:5)
  2 iguanas
  6 worker ants
  A hound zombie (D:5)
  A hound skeleton (D:5)
  A mummy (D:4)
  4 gnolls (D:8)
  A howler monkey skeleton (D:8)
  9 adders
  A shadow imp (D:8)
  A white imp (D:8)
  An ufetubus (D:8)
  An ooze (D:5)
  2 adder zombies
  An adder skeleton (D:8)
  4 worms
  4 dart slugs
  5 leopard geckos
  47 orcs
  3 giant cockroaches
  12 goblins
  9 hobgoblins
  12 jackals
  2 quokkas (D:4)
  A ball python (D:6)
  A ball python skeleton (D:6)
  10 bats
  2 frilled lizards
  A jackal skeleton (D:7)
  9 kobolds
  A kobold zombie (D:4)
  An orc zombie (D:4)
  6 rats (D:1)
240 creatures vanquished.

Vanquished Creatures (collateral kills)
  4 killer bees (D:9)
4 creatures vanquished.

Vanquished Creatures (others)
  A howler monkey (D:8)
  An orc priest (D:9)
  A plant (D:1)
3 creatures vanquished.

Grand Total: 247 creatures vanquished

Notes
Turn   | Place    | Note
-------+----------+-------------------------------------------
     0 | D:1      | pkoi the Draconian Transmuter began the quest for the Orb.
     0 | D:1      | Reached XP level 1. HP: 16/16 MP: 3/3
   193 | D:1      | Reached XP level 2. HP: 22/23 MP: 5/5
   198 | D:1      | Learned a level 2 spell: Wereblood
   688 | D:1      | Reached XP level 3. HP: 26/28 MP: 6/6
   703 | D:1      | Reached skill level 4 in Unarmed Combat
   900 | D:2      | Noticed Sigmund
  1116 | D:2      | Reached XP level 4. HP: 35/35 MP: 7/7
  1130 | D:2      | Learned a level 3 spell: Spider Form
  2479 | D:3      | Found a bloodstained altar of Trog.
  2553 | D:3      | You fall into a shaft and drop 2 floors!
  2553 | D:5      | Entered Level 5 of the Dungeon
  2573 | D:4      | Noticed a centaur
  2763 | D:3      | Reached skill level 1 in Poison Magic
  2987 | D:3      | Reached XP level 5. HP: 16/40 MP: 8/8
  3223 | D:3      | HP: 2/40 [poisoned by a worker ant]
  3518 | D:3      | Killed a centaur
  3519 | D:3      | Reached skill level 5 in Unarmed Combat
  3537 | D:4      | Reached XP level 6. HP: 41/47 MP: 9/9
  4201 | D:4      | Reached skill level 5 in Transmutations
  4201 | D:4      | Your scales start taking on a lurid green colour.
  4201 | D:4      | Reached XP level 7. HP: 51/52 MP: 10/10
  4201 | D:4      | Gained mutation: Your system is resistant to poisons.
                  | (rPois) [Green Draconian growth]
  4205 | D:4      | Reached skill level 6 in Unarmed Combat
  4265 | D:4      | Found a burning altar of Makhleb.
  4619 | D:4      | Found Zoelenia's Distillery.
  4624 | D:4      | Bought a potion of mutation for 96 gold pieces
  4624 | D:4      | Bought a potion of degeneration for 12 gold pieces
  4808 | D:5      | Found a staircase to the Ecumenical Temple.
  4832 | Temple   | Entered the Ecumenical Temple
  5005 | Temple   | Became a worshipper of Ru the Awakened
  5440 | D:5      | Reached XP level 8. HP: 57/59 MP: 11/11
  5871 | D:5      | Reached skill level 7 in Unarmed Combat
  6419 | D:6      | Found Lasaxo's Lightly-Used Armoury.
  6912 | D:6      | Gained mutation: You are missing a hand. [Ru sacrifice]
  6912 | D:6      | Reached * piety under Ru
  6912 | D:6      | Reached ** piety under Ru
  7586 | D:6      | Found Hoffufai's Distillery.
  7830 | D:7      | Reached XP level 9. HP: 32/71 MP: 12/12
  8392 | D:7      | Identified the +7 dagger of the Thoughtful Friars {speed,
                  | rF+ Dex+3}
  8469 | D:7      | Noticed Pikel
  8514 | D:7      | Killed Pikel
  8515 | D:7      | Reached skill level 8 in Unarmed Combat
  8728 | D:7      | Found a snail-covered altar of Cheibriados.
  8788 | D:7      | Reached skill level 5 in Fighting
  9326 | D:8      | Found a shimmering altar of Xom.
  9326 | D:8      | Found a shimmering altar of Xom.
  9328 | D:8      | Found a shimmering altar of Xom.
  9328 | D:8      | Found a shimmering altar of Xom.
  9821 | D:8      | Reached skill level 5 in Dodging
 10052 | D:8      | Noticed a two-headed ogre
 10054 | D:8      | Noticed Sun's ghost (novice HuFE)
 10057 | D:8      | Found a transporter.
 10057 | D:8      | Noticed a fire crab
 10682 | D:8      | Reached XP level 10. HP: 57/83 MP: 13/13
 10887 | D:8      | Found a transporter.
 11057 | D:8      | Found a sparkling altar of Nemelex Xobeh.
 11153 | D:8      | Gained mutation: You cannot be stealthy. [Ru sacrifice]
 11153 | D:8      | Reached *** piety under Ru
 11294 | D:9      | Reached skill level 9 in Unarmed Combat
 12301 | D:9      | Found a shimmering blue altar of Sif Muna.
 12597 | D:9      | Noticed a two-headed ogre
 12605 | D:9      | Killed a two-headed ogre
 13313 | D:9      | HP: 3/86 [killer bee (8)]
 13315 | D:9      | Slain by a killer bee

Illustrated notes

Levels and vault maps discovered:
D:1:      eino_arrival_water_cross, layout_basic, serial_bayou_pond_e,
          st_stairs_12
D:2:      layout_rooms, uniq_sigmund
D:3:      layout_loops_corners, bloody_trog
D:4:      layout_basic, makhleb_blood_cavern_becter, serial_glass,
          glass_columns_a, glass_columns_a, minmay_strange_pillars,
          item_on_display_b, due_unseen_surprise, nicolae_ossuary_entry_giza,
          serial_shops, kennysheep_little_box
D:5:      minmay_clustersquares, layout_basic, minmay_temple_entry_mini_moons,
          hangedman_abyss_or_decor_passed
D:6:      layout_basic, serial_shops, shop, minmay_shop_damaged
D:7:      layout_loops_ring, kennysheep_mini, uniq_pikel
D:8:      layout_cave_pods, general_overflow_altar, xom_redecorated,
          gammafunk_ghost_arena, hangedman_misty_isle
D:9:      layout_gridville, nicolae_overflow_hidden_temple,
          kennysheep_mini_moat, special_room [special_room_bee]
Temple:   regret_index_temple_waves

Skill      XL: |  1  2  3  4  5  6  7  8  9 10 |
---------------+-------------------------------+-----
Unarmed Combat | 4 5 6 7 8 9 |  9.4
Transmutations | 3 4 5 7 8 |  8.9
Poison Magic   | 1 2 4 |  4.5
Dodging        | 3 5 6 |  6.2
Fighting       | 4 6 7 |  7.2
Spellcasting   | |  2.0

Action                   |  1- 3 |  4- 6 |  7- 9 | 10-12 || total
-------------------------+-------+-------+-------+-------++-------
Melee: Unarmed           |   170 |   229 |   580 |   202 ||  1181
       Tailslap          |    15 |    23 |    71 |    23 ||   132
       Punch             |       |     6 |    11 |       ||    17
       Kick              |       |    11 |    10 |       ||    21
       Headbutt          |       |    12 |     7 |       ||    19
       Dagger            |       |       |    24 |       ||    24
 Cast: Wereblood         |       |     4 |     4 |     4 ||    12
       Beastly Appendage |       |     5 |     3 |       ||     8
       Spider Form       |       |       |       |     1 ||     1
Invok: Sacrifice a Hand  |       |       |     1 |       ||     1
       Sacrifice Stealth |       |       |       |     1 ||     1
 Abil: Breathe Noxious F |       |       |     6 |     3 ||     9
  Use: Scroll            |     6 |       |     9 |     1 ||    16
       Potion            |     1 |       |     2 |     2 ||     5
 Stab: Sleeping          |       |       |     2 |       ||     2
       Confused          |       |       |     8 |       ||     8
       Distracted        |       |       |     1 |     1 ||     2
Armor: Skin              |    86 |   107 |   133 |    45 ||   371
Dodge: Dodged            |   156 |   207 |   283 |   184 ||   830
Block: Other             |       |       |    99 |    59 ||   158
       Reflection        |       |       |     2 |     2 ||     4

Table legend: (Time is in decaauts)
 A = Elapsed time spent in this place.
 B = Non-inter-level travel time spent in this place.
 C = Inter-level travel time spent in this place.
 D = Time resting spent in this place.
 E = Time spent auto-exploring this place.
 F = Levels seen in this place.
 G = Mean time per level.
                   A        B        C        D        E       F      G
               +--------+--------+--------+--------+--------+-----+--------+
         Total |  13187 |  12900 |    287 |   4846 |   5625 |  10 | 1318.7 |
       Dungeon |  12987 |  12726 |    261 |   4846 |   5521 |   9 | 1443.0 |
        Temple |    199 |    173 |     26 |      0 |    104 |   1 |  199.0 |
               +--------+--------+--------+--------+--------+-----+--------+

Top non-repeatable levels by time:
     D:8: 2621 daAuts
     D:7: 1744 daAuts
     D:3: 1737 daAuts
     D:6: 1461 daAuts
     D:5: 1399 daAuts
     D:1: 1223 daAuts
     D:9: 1144 daAuts
     D:4: 928 daAuts
     D:2: 727 daAuts
  Temple: 199 daAuts
